 Dungeon Crawl Stone Soup version 0.25-a0-110-ge29c8f2358 (webtiles) character file.

Game seed: 14183789473955909343, levelgen mode: deterministic

64 vurker the Skirmisher (level 4, -14/37 HPs)
             Began as a Formicid Abyssal Knight on Nov 19, 2019.
             Was a Believer of Lugonu.
             Demolished by Crazy Yiuf
             ... wielding a +4 quarterstaff of chaos
              (19 damage)
             ... on level 2 of the Dungeon.
             The game lasted 00:02:54 (2537 turns).

vurker the Skirmisher (Formicid Abyssal Knight)     Turns: 2537, Time: 00:02:54

Health: -14/37     AC:  4    Str: 18    XL:     4   Next: 32%
Magic:  6/6        EV: 11    Int: 11    God:    Lugonu [**....]
Gold:   90         SH:  0    Dex: 10    Spells: 3/3 levels left

rFire    . . .     SeeInvis +   a - +1 hand axe
rCold    . . .     Gourm    .   (no shield)
rNeg     + . .     Faith    .   b - +0 leather armour
rPois    .         Spirit   .   (helmet unavailable)
rElec    .         Reflect  .   (no cloak)
rCorr    .         Harm     .   n - +0 pair of gloves
MR       .....                  (no boots)
Stlth    +.........             q - amulet of the acrobat
HPRegen  0.12/turn              f - ring of positive energy
MPRegen  0.10/turn              (no ring)

@: no status effects
A: permanent stasis, dig shafts and tunnels, four strong arms, antennae 3
a: Dig, Shaft Self, Depart the Abyss, Bend Space, Renounce Religion


You were on level 2 of the Dungeon.
You worshipped Lugonu.
Lugonu was pleased with you.
You were not hungry.

You visited 1 branch of the dungeon, and saw 2 of its levels.
You visited the Abyss 1 time.

You collected 90 gold pieces.

Inventory:

Hand Weapons
 a - a +1 hand axe (weapon)
Armour
 b - a +0 leather armour (worn)
 n - a +0 pair of gloves (worn)
   (You found it on level 1 of the Dungeon)
Jewellery
 f - a ring of positive energy (left hand)
   (You found it on level 1 of the Dungeon)
 q - an amulet of the acrobat (around neck)
   (You found it on level 2 of the Dungeon)
Scrolls
 h - a scroll of noise {unknown}
 i - 2 scrolls of teleportation {unknown}
 m - a scroll of enchant armour {unknown}
 p - a scroll of identify {unknown}
Potions
 c - a potion of haste {unknown}
 d - a potion of berserk rage {unknown}
 g - 3 potions of curing {unknown}
 j - a potion of heal wounds {unknown}
 k - a potion of lignification {unknown}
 o - a potion of cancellation {unknown}
Comestibles
 e - 5 rations
 l - 3 chunks of flesh


   Skills:
 + Level 3.9 Fighting
 * Level 3.3 Axes
 - Level 2.1 Armour
 - Level 0.8 Dodging
 + Level 3.1 Invocations


You had 3 spell levels left.
You didn't know any spells.
Your spell library was empty.

Dungeon Overview and Level Annotations

Branches:
Dungeon (2/15)

Altars:
Cheibriados
Gozag
Qazlal
Uskayaw
Xom

Annotations:
D:2 Crazy Yiuf


Innate Abilities, Weirdness & Mutations

You cannot be hasted, slowed, berserked, paralysed or teleported.
You can dig through walls and to a lower floor.
Your four strong arms can wield two-handed weapons with a shield.
You have a pair of large antennae on your head. (SInv)


Message History

You see here a +0 spear.
There is an open door here.
Found a mace.
You sense a monster nearby.
Some of the chunks of flesh in your inventory have rotted away.
Found a hand axe.
Found 7 gold pieces.
Found a stone staircase leading down.
A worm comes into view.
A worm is nearby!
A worm is nearby!
You see here 7 gold pieces.
The worm closely misses you.
You barely miss the worm. You slash the worm! The worm bites you.
You barely miss the worm. The worm closely misses you.
You hit the worm. You hit the worm. The worm bites you.
You hit the worm. The worm barely misses you.
All of the chunks of flesh in your inventory have rotted away.
You hit the worm.
You kill the worm!
Lugonu accepts your kill.
No target in view!
No target in view!
You butcher the worm corpse.
l - 3 chunks of flesh You now have 90 gold pieces (gained 7).
Crazy Yiuf shouts!
Okay, then.
Okay, then.
You feel ready to tumble and roll out of harm's way.
q - an amulet of the acrobat (around neck)
Okay, then.
You open the door. You hit Crazy Yiuf but do no damage.
Crazy Yiuf says, "Defame pizzabubble bush!"
Crazy Yiuf hits you with a +4 quarterstaff of chaos.
You hit Crazy Yiuf.
Crazy Yiuf hits you with a +4 quarterstaff of chaos!
* * * LOW HITPOINT WARNING * * *
Crazy Yiuf burns you.
* * * LOW HITPOINT WARNING * * *
You hit Crazy Yiuf. Crazy Yiuf barely misses you.
You closely miss Crazy Yiuf.
Crazy Yiuf hits you with a +4 quarterstaff of chaos.
* * * LOW HITPOINT WARNING * * *
You are electrocuted!!
Ouch! That really hurt!
You die...

.# ###......# .#
#.######
.#########.#
........####
######.##
#.###♣♣♣♣♣
#.#....♣.♣♣♣ ###
##
#.......♣..♣#...#
.#
#......♣♣♣♣@g...#
.# ##....♣♣
♣♣#..)# .# ####♣♣
### .# .# .# .#
.# .#####


You could see Crazy Yiuf.

Vanquished Creatures
  An adder skeleton (D:2)
  3 worms (D:2)
  2 dart slugs (D:2)
  3 leopard geckos (D:1)
  4 giant cockroaches
  4 goblins (D:2)
  5 hobgoblins
  11 kobolds
  A quokka (D:2)
  4 bats
  3 frilled lizards
  2 rats
43 creatures vanquished.

Notes
Turn   | Place    | Note
-------+----------+-------------------------------------------
     0 | Abyss:1  | vurker the Formicid Abyssal Knight began the quest for the
                  | Orb.
     0 | Abyss:1  | Reached XP level 1. HP: 18/18 MP: 2/2
    18 | D:1      | Escaped the Abyss
   444 | D:1      | Reached XP level 2. HP: 24/24 MP: 3/3
  1034 | D:1      | Reached XP level 3. HP: 29/29 MP: 3/5
  1443 | D:2      | Reached ** piety under Lugonu
  1550 | D:2      | Found a shimmering altar of Xom.
  1550 | D:2      | Found a snail-covered altar of Cheibriados.
  1550 | D:2      | Found a hide-covered altar of Uskayaw.
  1830 | D:2      | Reached XP level 4. HP: 37/37 MP: 6/6
  1910 | D:2      | Found a stormy altar of Qazlal.
  2337 | D:2      | Found an opulent altar of Gozag.
  2383 | D:2      | Found a runed translucent door.
  2384 | D:2      | Noticed Crazy Yiuf
  2537 | D:2      | Demolished by Crazy Yiuf

Levels and vault maps discovered:
D:1:      scummos_arrival_gate, layout_loops_ring, minmay_3d_cube
D:2:      layout_basic, grunt_temple_overflow_cloverleaf, first_ration,
          nicolae_qazlal_general_emergency, uniq_crazy_yiuf_cottage

Skill      XL: |  1  2  3 |
---------------+----------+-----
Axes           | 3 |  3.3
Invocations    | 3 |  3.1
Fighting       | |  3.9
Armour         | |  2.1
Dodging        | |  0.8

Action                   |  1- 3 |  4- 6 || total
-------------------------+-------+-------++-------
Melee: Hand axe          |   105 |    37 ||   142
  Eat: Chunk             |     3 |     2 ||     5
Armor: Leather armour    |    38 |    10 ||    48
Dodge: Dodged            |    88 |    21 ||   109

Table legend:
 A = Non-vault XP
 B = Vault XP
 C = Vault XP percentage of total XP
 D = Non-vault monster count
 E = Vault monster count
 F = Vault count percentage of total count
                 A         B        C        D         E       F
            +---------+---------+-------+---------+---------+-------
      Total |      84 |       8 |   8.7 |      39 |       4 |   9.3
            +---------+---------+-------+---------+---------+-------
        D:1 |      22 |       8 |  26.7 |      13 |       4 |  23.5
        D:2 |      62 |       0 |   0.0 |      26 |       0 |   0.0
            +---------+---------+-------+---------+---------+-------
